 Dungeon Crawl Stone Soup version 0.28-a0-863-g8cecda6153 (webtiles) character file.

Game seed: 1882999763798142639

9900 kae the Martial Artist (level 11, -5/89 HPs)
             Began as a Purple Draconian Transmuter on Nov 18, 2021.
             Was a Follower of Ru.
             Slain by an unseen horror (8 damage)
             ... on level 11 of the Dungeon.
             The game lasted 00:08:05 (16027 turns).

kae the Martial Artist (DrTm)                      Turns: 16027, Time: 00:08:05

Health: -5/89      AC:  7    Str: 12    XL:     11   Next: 29%
Magic:  20/20      EV: 14    Int: 16    God:    Ru [*.....]
Gold:   422        SH:  0    Dex: 13    Spells: 15/23 levels left

rFire   . . .      SeeInvis .     - Unarmed
rCold   . . .      Faith    .   (no shield)
rNeg    . . .      Spirit   .   (armour unavailable)
rPois   .          Reflect  .   (helmet restricted)
rElec   .          Harm     +   g - scarf {harm}
rCorr   .          Rampage  .   (no gloves)
Will    ++...                   (no boots)
Stlth   +.........              (no amulet)
HPRegen 0.24/turn               n - ring of willpower
MPRegen 0.17/turn               (no ring)

@: slowed, unable to read, very slow
A: breathe power, AC +7, unfitting armour, cold-blooded, inability to read while
threatened
a: Breathe Dispelling Energy, Renounce Religion


You were on level 11 of the Dungeon.
You worshipped Ru.
Ru was aware of your devotion.
You visited 2 branches of the dungeon, and saw 12 of its levels.

You collected 796 gold pieces.
You spent 374 gold pieces at shops.

Inventory:

Missiles
 m - 2 throwing nets
Armour
 g - a scarf of harm (worn)
Jewellery
 n - a ring of willpower (left hand)
 w - a ring of protection from cold
Wands
 e - a wand of digging (1)
 p - a wand of acid (10)
 t - a wand of iceblast (12)
Scrolls
 a - 8 scrolls of teleportation
 b - a scroll of amnesia
 c - 3 scrolls of enchant armour
 j - a scroll of fear
 v - a scroll of identify
Potions
 d - 2 potions of heal wounds
 f - 3 potions of lignification
 h - 3 potions of curing
 i - 2 potions of resistance
 k - a potion of mutation
 l - 2 potions of haste {unknown}
 o - a potion of cancellation {unknown}
 q - a potion of attraction {unknown}
 r - a potion of brilliance {unknown}
 s - a potion of degeneration {unknown}
 u - a potion of invisibility {unknown}


   Skills:
 + Level 6.1 Fighting
 + Level 5.5 Dodging
 * Level 10.5 Unarmed Combat
 + Level 6.6 Spellcasting
 * Level 10.2 Transmutations
 - Level 4.0 Ice Magic
 - Level 2.0 Poison Magic


You had 15 spell levels left.
You knew the following spells:

 Your Spells              Type           Power      Damage    Failure   Level
a - Beastly Appendage     Tmut           76%        N/A       1%          1
b - Spider Form           Tmut/Pois      24%        N/A       3%          3
c - Ice Form              Ice/Tmut       28%        N/A       7%          4

Your spell library contained the following spells:

 Spells                   Type           Power      Damage    Failure   Level
 Wereblood                Tmut           38%        N/A       1%          2
 Passwall                 Tmut/Erth      17%        N/A       2%          2
 Animate Skeleton         Necr           10%        N/A       13%         1
 Apportation              Tloc           10%        N/A       13%         1
 Pain                     Necr           20%        1d5       13%         1
 Summon Small Mammal      Summ           20%        N/A       13%         1
 Petrify                  Tmut/Erth      21%        N/A       16%         4
 Blink                    Tloc           10%        N/A       21%         2
 Gell's Gravitas          Tloc           5%         N/A       36%         3
 Lesser Beckoning         Tloc           5%         N/A       36%         3
 Summon Guardian Golem    Hex/Summ       5%         N/A       36%         3
 Swiftness                Air            5%         N/A       36%         3
 Teleport Other           Tloc           5%         N/A       36%         3
 Airstrike                Air            2%         N/A       78%         4
 Summon Lightning Spire   Summ/Air       5%         N/A       78%         4
 Metabolic Englaciation   Hex/Ice        5%         N/A       85%         5
 Statue Form              Tmut/Erth      14%        N/A       94%         6
 Agony                    Necr           5%         N/A       98%         5
 Excruciating Wounds      Necr           2%         N/A       98%         5
 Lightning Bolt           Conj/Air       2%         1d14      98%         5
 Manifold Assault         Tloc           5%         N/A       98%         5
 Orb of Destruction       Conj           2%         9d1       100%        7
 Spellforged Servitor     Conj/Summ      2%         N/A       100%        7
 Storm Form               Tmut/Air       10%        N/A       100%        7


Dungeon Overview and Level Annotations

Branches:
Dungeon (11/15)            Temple (1/1) D:5             Orc (0/2) D:10
   Lair: D:8-11

Altars:
Ashenzari
Cheibriados
Dithmenos
Elyvilon
Fedhas
Gozag
Hepliaklqana
Kikubaaqudgha
Makhleb
Nemelex Xobeh
Okawaru
Qazlal
Ru
Sif Muna
Trog
Uskayaw
Vehumet
Wu Jian
Xom
Yredelemnul
Zin
The Shining One

Shops:
D:3 =[(=   D:10 :

Annotations:
D:11 Sonja


Innate Abilities, Weirdness & Mutations

You can breathe bolts of dispelling energy.
Your rich purple scales are hard. (AC +7)
You cannot fit into any form of body armour.
You are cold-blooded and may be slowed by cold attacks.
You sometimes lose the ability to read scrolls when taking damage.


Message History

The shadow flickers and vanishes!
Deactivating autopickup; reactivate with Ctrl-A.
Your surroundings suddenly seem different.
You feel sick. Something hits you but does no damage.
Sonja throws a curare-tipped dart.
The curare-tipped dart barely misses you.
Something hits you.
You feel sick. Something barely misses you.
Sonja throws a curare-tipped dart.
The curare-tipped dart hits you.
You are more poisoned.
You have difficulty breathing.
* * * LOW HITPOINT WARNING * * *
You feel as though you will be slow longer.
The shadow strikes at you from the darkness!
* * * LOW HITPOINT WARNING * * *
Reactivating autopickup.
You cannot read scrolls in your current state!
Okay, then.
You cannot read scrolls in your current state!
You feel much better.
You feel very sick.
Sonja mumbles some strange words.
Sonja blinks!
The shadow misses you.
You feel very sick. The shadow hits you.
* * * LOW HITPOINT WARNING * * *
You feel very sick. Something hits you.
* * * LOW HITPOINT WARNING * * *
Deactivating autopickup; reactivate with Ctrl-A.
You feel better. Something hits you but does no damage. Something hits you.
* * * LOW HITPOINT WARNING * * *
You hear a zap.
Some rock shatters into small pieces.
The shadow closely misses you. Something hits you!
* * * LOW HITPOINT WARNING * * *
The shadow hits you!
* * * LOW HITPOINT WARNING * * *
Something hits you!
You die...

####.##
#......
#......#
#......# ####
#.$....# #.@+
#......###.##
#........W.#
#.....?..###
#......###
##.....
###...###
#.......#
#.#####.#


You could see a shadow.

Vanquished Creatures
  A centaur warrior (D:9)
  2 two-headed ogres (D:9)
  Pikel (D:6)
  2 trolls
  2 shadows
  A wyvern (D:9)
  8 yaks (D:9)
  Eustachio (D:6)
  Menkaure (D:5)
  A vampire (D:7)
  A steam dragon (D:10)
  2 water moccasins
  4 orc warriors
  2 ice beasts
  A sky beast (D:4)
  A hornet zombie (D:9)
  3 necrophages
  2 ogres (D:8)
  6 centaurs
  A lemure (D:6)
  4 kobold brigands
  2 gnoll sergeants (D:8)
  2 bullfrogs (D:7)
  A wyvern zombie (D:6)
  3 scorpions
  2 wyvern skeletons (D:7)
  11 killer bees
  8 wights
  5 howler monkeys (D:8)
  7 hounds
  A centaur zombie (D:8)
  2 jellies
  A bullfrog skeleton (D:6)
  5 orc priests
  A gnoll shaman (D:8)
  5 iguanas
  Natasha (thrice) (D:2)
  8 orc wizards
  A killer bee zombie (D:7)
  A howler monkey zombie (D:10)
  Robin (D:4)
  16 gnolls
  4 adders
  A shadow imp (D:7)
  A white imp (D:6)
  2 worms (D:2)
  3 dart slugs
  22 orcs
  5 endoplasms
  4 giant cockroaches
  16 goblins
  15 hobgoblins
  4 jackals
  19 kobolds
  2 quokkas
  2 ball pythons
  5 bats
  5 frilled lizards
  6 rats
249 creatures vanquished.

Vanquished Creatures (others)
  Psyche (D:9)
  A bush (D:5)
  6 fungi (D:5)
8 creatures vanquished.

Grand Total: 257 creatures vanquished

Notes
Turn   | Place    | Note
-------+----------+-------------------------------------------
     0 | D:1      | kae the Draconian Transmuter began the quest for the Orb.
     0 | D:1      | Reached XP level 1. HP: 16/16 MP: 3/3
   280 | D:1      | Reached XP level 2. HP: 20/23 MP: 3/5
   993 | D:1      | Reached XP level 3. HP: 28/28 MP: 4/6
  1003 | D:1      | Learned a level 3 spell: Spider Form
  1297 | D:2      | Reached skill level 1 in Poison Magic
  1324 | D:2      | Noticed Natasha
  1331 | D:2      | Killed Natasha
  1332 | D:2      | Reached XP level 4. HP: 26/35 MP: 5/7
  1421 | D:2      | Noticed Natasha
  1429 | D:2      | Killed Natasha
  1765 | D:2      | Noticed Natasha
  1774 | D:2      | Killed Natasha
  1775 | D:2      | Reached XP level 5. HP: 29/40 MP: 6/8
  2258 | D:2      | Found a faded altar of an unknown god.
  2573 | D:3      | Found Webaic's Antique Weapon Shop.
  2709 | D:3      | Found Qiyhiobb's Jewellery Boutique.
  3145 | D:3      | Found Huto's Armour Shop.
  3361 | D:3      | Found Ijycvefo's Jewellery Shoppe.
  3519 | D:4      | Noticed Robin
  3619 | D:3      | Learned a level 4 spell: Ice Form
  3632 | D:3      | Reached XP level 6. HP: 16/47 MP: 6/9
  4073 | D:4      | Killed Robin
  4074 | D:4      | Reached skill level 1 in Ice Magic
  4082 | D:4      | Reached skill level 5 in Unarmed Combat
  4292 | D:4      | Found an opulent altar of Gozag.
  4357 | D:4      | Found a glowing silver altar of Zin.
  4932 | D:4      | Noticed a sky beast
  4957 | D:4      | Killed a sky beast
  4958 | D:4      | Your scales start taking on a rich purple colour.
  4958 | D:4      | Reached XP level 7. HP: 17/52 MP: 8/10
  5230 | D:5      | Entered Level 5 of the Dungeon
  5247 | D:5      | Reached skill level 5 in Transmutations
  5343 | D:5      | Found a broken altar of Ashenzari.
  5911 | D:5      | Found a blossoming altar of Fedhas.
  5979 | D:5      | Found an ornate altar of the Wu Jian Council.
  6033 | D:5      | Noticed Menkaure
  6041 | D:5      | Killed Menkaure
  6042 | D:5      | Reached XP level 8. HP: 35/59 MP: 6/11
  6275 | D:5      | Found a staircase to the Ecumenical Temple.
  6291 | Temple   | Entered the Ecumenical Temple
  6542 | Temple   | Became a worshipper of Ru the Awakened
  6943 | D:5      | Found a large runed translucent door.
  6943 | D:5      | Found a large runed translucent door.
  6947 | D:5      | Found a shimmering altar of Xom.
  7254 | D:5      | Found a burning altar of Makhleb.
  7256 | D:5      | Found a snail-covered altar of Cheibriados.
  7258 | D:5      | Found a basalt altar of Yredelemnul.
  7259 | D:5      | Found a white marble altar of Elyvilon.
  7644 | D:6      | Noticed Eustachio
  7659 | D:6      | Killed Eustachio
  8009 | D:6      | Found a glowing golden altar of the Shining One.
  8139 | D:6      | Noticed Pikel
  8156 | D:6      | Killed Pikel
  8157 | D:6      | Reached XP level 9. HP: 60/69 MP: 9/14
  8640 | D:6      | HP: 1/75 [orc wizard/puff of flame (7)]
  8963 | D:6      | Found a hazy altar of Hepliaklqana.
  9497 | D:7      | Identified the +7 rapier of Quty {vamp, Str+4 Int+2}
 11395 | D:8      | Reached skill level 5 in Spellcasting
 11395 | D:8      | Reached XP level 10. HP: 79/79 MP: 10/17
 12947 | D:9      | Noticed Psyche
 12948 | D:9      | Gained mutation: You sometimes lose the ability to read
                  | scrolls when taking damage. [Ru sacrifice]
 12948 | D:9      | Reached * piety under Ru
 12955 | D:9      | Killed Psyche
 13247 | D:9      | Noticed a two-headed ogre
 13254 | D:9      | Killed a two-headed ogre
 13255 | D:9      | Reached skill level 5 in Fighting
 13440 | D:9      | Noticed a two-headed ogre
 13447 | D:9      | Killed a two-headed ogre
 13735 | D:9      | Reached skill level 5 in Dodging
 14105 | D:9      | Reached skill level 10 in Unarmed Combat
 14420 | D:9      | Noticed a centaur warrior
 14430 | D:9      | Killed a centaur warrior
 14431 | D:9      | Reached XP level 11. HP: 13/89 MP: 20/20
 14823 | D:9      | Reached skill level 10 in Transmutations
 15279 | D:10     | Entered Level 10 of the Dungeon
 15298 | D:10     | Found a staircase to the Orcish Mines.
 15831 | D:10     | Found Tautivuddu's Book Shop.
 15845 | D:10     | Bought an Inescapable Atlas for 374 gold pieces
 16016 | D:11     | Noticed Sonja
 16026 | D:11     | HP: 2/89 [shadow (9)]
 16027 | D:11     | Slain by an unseen horror

Illustrated notes

Levels and vault maps discovered:
D:1:      sevenhm_arrival_forest_fort_small_3, layout_basic
D:2:      layout_basic, shapermc_ecumenical_altar_petra, uniq_natasha
D:3:      layout_loops_cross, serial_shops, shop, nicolae_shop_hallway_stairs,
          nicolae_shop_crystal, nicolae_shop_waterfront,
          nicolae_elevator_lobby_asterisk
D:4:      layout_cave_pools, pdpol_temple_overflow_zin_treasury_gozag_greed,
          serial_column_ruins, column_ruins_open_small, column_ruins_grid_1,
          column_ruins_open_small, column_ruins_grid_3, column_ruins_open_small,
          uniq_robin
D:5:      due_chaos_kobolds, layout_basic, mainiacjoe_overflow_tiny_flanked,
          minitemple, grunt_temple_overflow_open,
          minmay_temple_entry_mini_moons, serial_aquarium,
          aquarium_bridge_square [aquarium_subvault_bridge,
          aquarium_subvault_bridge, aquarium_subvault_bridge,
          aquarium_subvault_window], aquarium_bridge_square
          [aquarium_subvault_wall, aquarium_subvault_bridge,
          aquarium_subvault_bridge, aquarium_subvault_wall], aquarium_window_1,
          aquarium_window_2, aquarium_view_2b, aquarium_pool_2,
          serial_park_tiny_pond, grunt_decor_cap, kb_lookout_dungeons_type,
          uniq_menkaure
D:6:      layout_gridville, old_standard_altar, lemuel_round_altar,
          minmay_misc_feat_rugged, uniq_eustachio, uniq_pikel
D:7:      minmay_recursive_quarters, layout_loops_ring
D:8:      kennysheep_housing_project, layout_cave_pools
D:9:      layout_cave_pools, uniq_psyche
D:10:     layout_rooms, orc_0_dummy, serial_shops, nicolae_stop_n_shop_1
D:11:     layout_roguey, grunt_lair_entry_orc_guard_hut,
          hangedman_tell_no_tales, uniq_gastronok, uniq_sonja
Temple:   chequers_temple_sunken

Skill      XL: |  1  2  3  4  5  6  7  8  9 10 11 |
---------------+----------------------------------+-----
Transmutations | 3 4 5 7 8 9 10 | 10.2
Poison Magic   | 1 2 |  2.0
Unarmed Combat | 4 5 6 7 8 10 | 10.5
Ice Magic      | 3 4 |  4.0
Dodging        | 3 4 5 |  5.5
Fighting       | 3 4 5 6 |  6.1
Spellcasting   | 3 5 6 |  6.6

Action                   |  1- 3 |  4- 6 |  7- 9 | 10-12 || total
-------------------------+-------+-------+-------+-------++-------
Melee: Unarmed           |    96 |   153 |   272 |   240 ||   761
       Kick              |    17 |    13 |       |       ||    30
       Tailslap          |    14 |    11 |    11 |       ||    36
       Headbutt          |     6 |     7 |       |       ||    13
       Punch             |     2 |     1 |     3 |       ||     6
 Cast: Beastly Appendage |    19 |    20 |       |       ||    39
       Spider Form       |       |    10 |     6 |       ||    16
       Ice Form          |       |       |    27 |    21 ||    48
Invok: Sacrifice Words   |       |       |       |     1 ||     1
  Use: Scroll            |       |     9 |     6 |     5 ||    20
       Potion            |       |     1 |       |     2 ||     3
 Stab: Sleeping          |     1 |       |     1 |       ||     2
Armor: Skin              |    35 |    34 |    69 |    88 ||   226
Dodge: Dodged            |    76 |   147 |   171 |   197 ||   591

Table legend: (Time is in decaauts)
 A = Elapsed time spent in this place.
 B = Non-inter-level travel time spent in this place.
 C = Inter-level travel time spent in this place.
 D = Time resting spent in this place.
 E = Time spent auto-exploring this place.
 F = Levels seen in this place.
 G = Mean time per level.
                   A        B        C        D        E       F      G
               +--------+--------+--------+--------+--------+-----+--------+
         Total |  16014 |  15781 |    233 |   1188 |  12774 |  12 | 1334.5 |
       Dungeon |  15559 |  15337 |    222 |    950 |  12582 |  11 | 1414.5 |
        Temple |    455 |    444 |     11 |    238 |    192 |   1 |  455.0 |
               +--------+--------+--------+--------+--------+-----+--------+

Top non-repeatable levels by time:
     D:7: 2439 daAuts
     D:5: 2013 daAuts
     D:9: 1881 daAuts
     D:6: 1642 daAuts
     D:8: 1613 daAuts
     D:3: 1493 daAuts
     D:2: 1442 daAuts
     D:4: 1175 daAuts
     D:1: 1114 daAuts
    D:10: 584 daAuts
  Temple: 455 daAuts
    D:11: 159 daAuts
